[ AOE2 MATCH · #506055372 ]
UnrankedSicilians vs Ethiopians
Player's team · WIN
Rival team · LOSS
[ REPLAY ANALYSIS · EXTRACTED FROM THE RECORDED GAME ]
Feudal
8:51
Castle
22:38
Imperial
39:02
| APM avg | 59.9 |
| APM peak | 100 |
| eAPM avg | 30.4 |
| Villagers / military | 114 / 105 |
Focus
⚔️ 45.5% · 🌾 54.5%
Knight ×75 · Scout Cavalry ×16 · Serjeant ×6 · Battering Ram ×5 · Mangonel ×2 · Trebuchet (Packed) ×1
Feudal
11:04
Castle
20:13
Imperial
36:32
| APM avg | 61.6 |
| APM peak | 104 |
| eAPM avg | 32.3 |
| Villagers / military | 114 / 83 |
Focus
⚔️ 41.0% · 🌾 59.0%
Archer ×51 · Shotel Warrior ×11 · Spearman ×8 · Knight ×4 · Monk ×3 · Militia ×3
Match map
Initial resources + every placement click. Lines = walls · curves = elevation contours. ◆ gold · ⬟ stone · ● berries · ✦ relic · ◌ wall gap
Your base· Open — unwalled flank
半月回淑's base· Open — 3t gap
Smoothed initial terrain · ◌ = detected wall gap · hover for details
Inputs per minute
— Rodrixs - - 半月回淑
Build order — Rodrixs
First 150 of 372 actions detected
| 0:01 | Create | Villager (Male) |
| 0:02 | Build | House |
| 0:03 | Build | House |
| 0:05 | Create | Villager (Male) ×3 |
| 1:31 | Create | Villager (Male) |
| 2:01 | Create | Villager (Male) |
| 2:24 | Build | Lumber Camp |
| 2:29 | Create | Villager (Male) |
| 2:42 | Create | Villager (Male) |
| 2:57 | Create | Villager (Male) |
| 3:17 | Create | Villager (Male) |
| 3:39 | Create | Villager (Male) |
| 3:39 | Create | Villager (Male) |
| 3:52 | Build | House |
| 4:06 | Build | House |
| 4:37 | Create | Villager (Male) |
| 4:43 | Build | Mill |
| 4:53 | Create | Villager (Male) |
| 4:53 | Create | Villager (Male) |
| 4:58 | Research | Loom |
| 5:19 | Create | Villager (Male) |
| 5:19 | Research | Loom |
| 6:27 | Research | Feudal Age |
| 6:46 | Build | Donjon |
| 6:54 | Build | House |
| 7:04 | Build | Palisade Wall |
| 7:05 | Build | Palisade Wall |
| 7:35 | Build | Mining Camp |
| 8:13 | Create | Villager (Male) |
| 8:21 | Build | Palisade Wall |
| 8:23 | Build | Palisade Wall |
| 8:29 | Build | Palisade Wall |
| 8:30 | Build | Palisade Wall |
| 8:30 | Build | Palisade Wall |
| 8:51 | Age | Feudal Age |
| 9:07 | Build | Stable |
| 9:12 | Create | Villager (Male) |
| 9:13 | Research | Double-Bit Axe |
| 9:14 | Research | Double-Bit Axe |
| 9:20 | Create | Serjeant |
| 9:21 | Create | Serjeant |
| 9:35 | Create | Villager (Male) |
| 10:00 | Create | Scout Cavalry |
| 10:06 | Create | Villager (Male) |
| 10:07 | Build | Mill |
| 10:09 | Build | House |
| 10:11 | Create | Scout Cavalry |
| 10:15 | Build | Farm |
| 10:17 | Build | Farm |
| 10:25 | Build | Farm |
| 10:33 | Create | Villager (Male) |
| 10:54 | Create | Villager (Male) |
| 10:58 | Build | Mining Camp |
| 11:15 | Build | Palisade Wall |
| 11:19 | Build | House |
| 11:22 | Create | Villager (Male) |
| 11:40 | Build | Farm |
| 11:41 | Create | Villager (Male) |
| 11:56 | Build | Farm |
| 12:00 | Create | Scout Cavalry |
| 12:10 | Create | Villager (Male) |
| 12:22 | Create | Scout Cavalry |
| 12:27 | Build | Lumber Camp |
| 12:28 | Create | Villager (Male) |
| 12:31 | Build | House |
| 12:44 | Create | Serjeant |
| 12:51 | Create | Villager (Male) |
| 12:56 | Build | Farm |
| 13:02 | Create | Serjeant |
| 13:18 | Create | Villager (Male) |
| 13:51 | Create | Villager (Male) |
| 13:55 | Build | House |
| 14:02 | Create | Scout Cavalry |
| 14:06 | Build | Farm |
| 14:07 | Build | Farm |
| 14:08 | Build | Farm |
| 14:09 | Build | Farm |
| 14:11 | Build | Farm |
| 14:19 | Create | Serjeant |
| 14:25 | Create | Villager (Male) |
| 14:26 | Create | Villager (Male) |
| 14:26 | Create | Villager (Male) |
| 14:29 | Build | Farm |
| 14:34 | Build | Palisade Wall |
| 14:45 | Create | Serjeant |
| 14:47 | Create | Villager (Male) |
| 14:47 | Create | Villager (Male) |
| 14:58 | Build | Farm |
| 15:10 | Build | Palisade Wall |
| 15:14 | Create | Villager (Male) |
| 15:24 | Build | Blacksmith |
| 15:27 | Create | Scout Cavalry |
| 15:33 | Build | Farm |
| 15:38 | Create | Villager (Male) |
| 15:47 | Build | Farm |
| 15:49 | Build | Farm |
| 15:52 | Create | Scout Cavalry |
| 16:03 | Build | House |
| 16:13 | Create | Villager (Male) |
| 16:18 | Build | Donjon |
| 16:22 | Create | Scout Cavalry |
| 16:35 | Create | Villager (Male) |
| 16:38 | Build | Farm |
| 16:42 | Build | Farm |
| 16:48 | Create | Scout Cavalry |
| 16:51 | Create | Villager (Male) |
| 16:53 | Build | House |
| 17:06 | Build | Farm |
| 17:16 | Build | House |
| 17:24 | Research | Horse Collar |
| 17:24 | Create | Villager (Male) |
| 17:35 | Create | Scout Cavalry |
| 17:40 | Build | House |
| 17:50 | Create | Villager (Male) |
| 18:05 | Create | Villager (Male) |
| 18:15 | Create | Scout Cavalry |
| 18:22 | Create | Villager (Male) |
| 18:29 | Build | House |
| 18:31 | Create | Villager (Male) |
| 18:39 | Build | Market |
| 18:56 | Build | House |
| 18:59 | Create | Villager (Male) |
| 19:35 | Build | House |
| 19:36 | Build | House |
| 19:37 | Build | House |
| 19:57 | Research | Castle Age |
| 20:14 | Build | Lumber Camp |
| 20:16 | Create | Scout Cavalry |
| 20:36 | Build | Stable |
| 20:37 | Build | House |
| 20:39 | Build | House |
| 20:45 | Research | Scale Barding Armor |
| 20:47 | Create | Scout Cavalry |
| 21:14 | Build | Farm |
| 21:21 | Create | Scout Cavalry |
| 21:44 | Build | Farm |
| 21:49 | Research | Bloodlines |
| 21:57 | Create | Scout Cavalry |
| 22:04 | Build | Farm |
| 22:04 | Build | Farm |
| 22:06 | Build | Farm |
| 22:07 | Build | Farm |
| 22:11 | Build | Mining Camp |
| 22:15 | Build | Mining Camp |
| 22:19 | Build | House |
| 22:20 | Build | House |
| 22:28 | Create | Villager (Male) |
| 22:38 | Age | Castle Age |
| 22:41 | Create | Knight |
| 22:41 | Create | Knight |
Build order — 半月回淑
First 150 of 340 actions detected
| 0:00 | Create | Villager (Male) |
| 0:01 | Create | Villager (Male) |
| 0:02 | Build | House |
| 0:04 | Build | House |
| 0:23 | Create | Villager (Male) |
| 0:29 | Create | Villager (Male) |
| 1:31 | Create | Villager (Male) |
| 1:31 | Create | Villager (Male) |
| 1:49 | Build | Lumber Camp |
| 1:57 | Create | Villager (Male) |
| 1:58 | Create | Villager (Male) |
| 2:29 | Create | Villager (Male) |
| 2:51 | Create | Villager (Male) |
| 3:12 | Create | Villager (Male) |
| 3:41 | Create | Villager (Male) |
| 3:48 | Build | House |
| 4:05 | Create | Villager (Male) |
| 4:26 | Build | Barracks |
| 4:32 | Build | Palisade Wall |
| 4:33 | Build | Palisade Wall |
| 4:39 | Create | Villager (Male) |
| 4:40 | Create | Villager (Male) |
| 4:58 | Build | House |
| 5:14 | Build | House |
| 5:25 | Create | Militia |
| 5:25 | Create | Militia |
| 5:27 | Create | Villager (Male) |
| 5:53 | Create | Villager (Male) |
| 6:08 | Create | Villager (Male) |
| 6:10 | Build | Mill |
| 6:23 | Create | Villager (Male) |
| 6:49 | Create | Villager (Male) |
| 6:52 | Build | House |
| 7:19 | Build | Mill |
| 7:35 | Create | Villager (Male) |
| 7:44 | Create | Villager (Male) |
| 7:47 | Build | House |
| 7:49 | Build | Palisade Wall |
| 8:03 | Create | Villager (Male) |
| 8:09 | Build | Palisade Wall |
| 8:10 | Build | Palisade Wall |
| 8:18 | Build | Palisade Wall |
| 8:27 | Create | Villager (Male) |
| 8:37 | Build | House |
| 8:40 | Build | Palisade Wall |
| 8:54 | Research | Feudal Age |
| 8:54 | Research | Feudal Age |
| 9:12 | Build | Palisade Gate |
| 9:19 | Build | Palisade Wall |
| 9:20 | Build | Palisade Wall |
| 9:21 | Build | Palisade Wall |
| 9:21 | Build | Palisade Wall |
| 9:23 | Build | House |
| 10:12 | Build | House |
| 10:16 | Build | House |
| 10:24 | Build | Mining Camp |
| 10:42 | Create | Villager (Male) |
| 10:46 | Build | House |
| 10:51 | Build | Palisade Wall |
| 11:04 | Age | Feudal Age |
| 11:06 | Build | Archery Range |
| 11:10 | Create | Militia |
| 11:12 | Research | Man-at-Arms (upgrade) |
| 11:17 | Create | Villager (Male) |
| 11:22 | Research | Double-Bit Axe |
| 11:36 | Create | Villager (Male) |
| 11:43 | Create | Spearman |
| 11:46 | Build | Farm |
| 11:48 | Build | Farm |
| 11:58 | Create | Archer |
| 12:12 | Create | Villager (Male) |
| 12:15 | Build | Farm |
| 12:32 | Create | Villager (Male) |
| 12:40 | Create | Archer |
| 12:45 | Build | Farm |
| 12:46 | Build | Farm |
| 12:46 | Create | Villager (Male) |
| 12:53 | Build | Farm |
| 13:07 | Create | Archer |
| 13:21 | Create | Villager (Male) |
| 13:25 | Create | Archer |
| 13:47 | Create | Archer |
| 13:48 | Create | Villager (Male) |
| 14:02 | Create | Archer |
| 14:06 | Create | Villager (Male) |
| 14:09 | Create | Spearman |
| 14:14 | Build | Blacksmith |
| 14:14 | Create | Villager (Male) |
| 14:15 | Build | Farm |
| 14:16 | Build | Farm |
| 14:16 | Build | Farm |
| 14:16 | Build | Farm |
| 14:16 | Build | Farm |
| 14:16 | Build | Farm |
| 14:28 | Build | Farm |
| 14:28 | Create | Villager (Male) |
| 14:31 | Build | Farm |
| 14:37 | Build | Farm |
| 14:47 | Create | Archer |
| 15:01 | Research | Fletching |
| 15:03 | Build | Farm |
| 15:13 | Create | Villager (Male) |
| 15:19 | Build | Farm |
| 15:26 | Create | Archer |
| 15:30 | Build | Farm |
| 15:37 | Build | Farm |
| 15:50 | Create | Archer |
| 15:54 | Create | Villager (Male) |
| 16:17 | Create | Villager (Male) |
| 16:21 | Build | Farm |
| 16:33 | Create | Villager (Male) |
| 16:39 | Create | Archer |
| 17:02 | Build | House |
| 17:07 | Create | Villager (Male) |
| 17:33 | Research | Castle Age |
| 17:33 | Research | Castle Age |
| 17:36 | Create | Spearman |
| 18:11 | Create | Archer |
| 18:38 | Create | Archer |
| 18:42 | Build | Stable |
| 18:45 | Build | Lumber Camp |
| 18:55 | Create | Archer |
| 19:21 | Create | Archer |
| 19:43 | Create | Scout Cavalry |
| 20:00 | Research | Horse Collar |
| 20:12 | Create | Villager (Male) |
| 20:13 | Age | Castle Age |
| 20:16 | Build | Town Center |
| 20:19 | Research | Loom |
| 20:25 | Research | Crossbowman (upgrade) |
| 20:28 | Research | Bodkin Arrow |
| 20:28 | Create | Villager (Male) |
| 20:35 | Build | House |
| 20:39 | Create | Spearman |
| 20:41 | Create | Knight |
| 20:45 | Create | Archer |
| 20:49 | Research | Bow Saw |
| 20:57 | Create | Villager (Male) |
| 21:11 | Create | Spearman |
| 21:36 | Create | Archer |
| 21:41 | Create | Villager (Male) |
| 21:45 | Create | Villager (Male) |
| 22:03 | Create | Archer |
| 22:04 | Create | Spearman |
| 22:12 | Create | Villager (Male) |
| 22:18 | Research | Wheelbarrow |
| 22:21 | Create | Archer |
| 22:28 | Create | Villager (Male) |
| 22:46 | Create | Villager (Male) |
| 22:47 | Research | Scale Mail Armor |
Match timeline
| 4:26 | 半月回淑 · first_building Barracks |
| 4:32 | 半月回淑 · wall_segment Palisade Wall x1 |
| 4:33 | 半月回淑 · wall_segment Palisade Wall x1 |
| 6:46 | Rodrixs · first_building Donjon |
| 7:04 | Rodrixs · wall_segment Palisade Wall x1 |
| 7:05 | Rodrixs · wall_segment Palisade Wall x1 |
| 7:49 | 半月回淑 · wall_segment Palisade Wall x9 |
| 8:09 | 半月回淑 · wall_segment Palisade Wall x1 |
| 8:10 | 半月回淑 · wall_segment Palisade Wall x3 |
| 8:18 | 半月回淑 · wall_segment Palisade Wall x3 |
| 8:21 | Rodrixs · wall_segment Palisade Wall x1 |
| 8:23 | Rodrixs · wall_segment Palisade Wall x1 |
| 8:29 | Rodrixs · wall_segment Palisade Wall x1 |
| 8:30 | Rodrixs · wall_segment Palisade Wall x1 |
| 8:30 | Rodrixs · wall_segment Palisade Wall x1 |
| 8:40 | 半月回淑 · wall_segment Palisade Wall x4 |
| 8:51 | Rodrixs · age_up feudal |
| 9:07 | Rodrixs · first_building Stable |
| 9:19 | 半月回淑 · wall_segment Palisade Wall x1 |
| 9:20 | 半月回淑 · wall_segment Palisade Wall x1 |
| 9:21 | 半月回淑 · wall_segment Palisade Wall x1 |
| 9:21 | 半月回淑 · wall_segment Palisade Wall x1 |
| 10:51 | 半月回淑 · wall_segment Palisade Wall x1 |
| 11:04 | 半月回淑 · age_up feudal |
| 11:06 | 半月回淑 · first_building Archery Range |
| 11:15 | Rodrixs · wall_segment Palisade Wall x1 |
| 14:34 | Rodrixs · wall_segment Palisade Wall x5 |
| 15:10 | Rodrixs · wall_segment Palisade Wall x10 |
| 18:42 | 半月回淑 · first_building Stable |
| 19:41 | Rodrixs · first_market_sell 100 stone |
| 19:43 | Rodrixs · first_market_buy 100 food |
| 20:13 | 半月回淑 · age_up castle |
| 22:38 | Rodrixs · age_up castle |
| 23:24 | 半月回淑 · first_building Monastery |
| 27:10 | 半月回淑 · wall_segment Palisade Wall x7 |
| 30:46 | 半月回淑 · first_market_sell 500 wood |
| 30:52 | 半月回淑 · first_market_buy 100 food |
| 31:14 | Rodrixs · wall_segment Palisade Wall x1 |
| 31:40 | Rodrixs · first_building Castle |
| 32:21 | Rodrixs · first_building Siege Workshop |
| 33:07 | 半月回淑 · first_building Castle |
| 36:32 | 半月回淑 · age_up imperial |
| 37:56 | 半月回淑 · wall_segment Stone Wall x1 |
| 38:00 | 半月回淑 · wall_segment Stone Wall x1 |
| 38:02 | 半月回淑 · wall_segment Stone Wall x1 |
| 39:02 | Rodrixs · age_up imperial |
| 39:21 | 半月回淑 · resign |
[ AI ANALYSIS · 1 CREDIT ]
What really happened in this match?
Wolo.gg analyzes every decision: build order, eco, micro, common mistakes by bracket. Personalized analysis on WhatsApp or Discord in 30 seconds.
Civ guide
Sicilians
Perfil
Jugador #11209546